AoeStats
← jhonskull87

Fortress

508441955Analyzed
3v3 RM · 11d ago on Sep 22, 2026· 45m 41s· 6 players
Game mode
Random Map
Map size
Large (8 player)
Population
200
Speed
Normal
Resources
Standard
Victory
Conquest
Starting age
Dark Age
Ending age
Imperial Age
RankedLock teamsTeams togetherTeam positionsShared explorationLock speedFull tech treeHidden civsTurbo modeCheats
Victory
Defeat
🇺🇸 Goths · United States
726
+11
🇪🇸 Spanish · Spain
497
+20
🇺🇸 Britons · United States
474
+21
🇲🇽 Burgundians · Mexico
637
-19
🇫🇮 Bengalis · Finland
611
-18
🇫🇷 Mongols · France
539
-15
D-Xbeck
3:25 Loom
7:12 Feudal Age
7:38 Double-Bit Axe
7:38 Horse Collar
11:34 Wheelbarrow
13:48 Castle Age
14:17 Padded Archer Armor
14:09 Fletching
15:10 Bow Saw
15:05 Heavy Plow
15:30 Stone Mining
20:43 Bodkin Arrow
21:04 Leather Archer Armor
21:13 Ballistics
32:03 Imperial Age
31:40 Gold Mining
32:32 Elite Mangudai
33:55 Parthian Tactics
34:27 Thumb Ring
36:00 Chemistry
36:01 Bracer
37:27 Capped Ram
38:32 Husbandry
38:43 Bloodlines
39:21 Conscription
39:26 Drill
39:42 Hoardings
43:02 Murder Holes
43:19 Fortified Wall
43:21 Masonry
ApoC
0:47 Loom
10:15 Feudal Age
12:27 Gold Mining
12:27 Double-Bit Axe
12:24 Horse Collar
16:41 Castle Age
15:06 Scale Mail Armor
15:19 Forging
15:09 Stone Mining
15:38 Fletching
16:18 Padded Archer Armor
15:54 Man-at-Arms
17:31 Scale Barding Armor
17:44 Crossbowman
18:24 Bodkin Arrow
19:30 Heavy Plow
20:21 Squires
21:36 Bow Saw
21:45 Chain Mail Armor
24:12 Pikeman
28:48 Imperial Age
26:08 Gambesons
26:18 Long Swordsman
29:12 Elite Skirmisher
30:29 Crop Rotation
31:43 Gold Shaft Mining
31:09 Arson
30:57 Siege Elephant
32:10 Husbandry
33:37 Paiks
34:39 Chain Barding Armor
34:55 Iron Casting
35:40 Conscription
37:06 Arbalester
46:14 Two-Man Saw
jhonskull87
7:08 Loom
8:01 Wheelbarrow
7:53 Double-Bit Axe
7:52 Horse Collar
12:14 Feudal Age
11:02 Gold Mining
13:09 Bow Saw
13:03 Heavy Plow
14:25 Hand Cart
16:53 Gold Shaft Mining
16:12 Stone Mining
19:57 Forging
25:40 Castle Age
24:50 Fletching
25:02 Padded Archer Armor
26:54 Scale Mail Armor
30:17 Imperial Age
28:28 Bodkin Arrow
33:26 Town Watch
37:15 Iron Casting
39:37 Chemistry
38:34 Murder Holes
38:45 Light Cavalry
no_1_KOUROS
7:45 Feudal Age
8:31 Horse Collar
8:37 Double-Bit Axe
9:28 Wheelbarrow
12:22 Gold Mining
12:23 Stone Mining
18:47 Castle Age
19:03 Castle Age
19:01 Forging
20:10 Hand Cart
19:58 Heavy Plow
20:11 Bow Saw
20:41 Stone Shaft Mining
21:47 Thumb Ring
22:53 Husbandry
24:53 Bloodlines
26:20 Loom
26:22 Town Watch
30:13 Imperial Age
29:48 Iron Casting
29:50 Scale Barding Armor
29:48 Padded Archer Armor
32:20 Blast Furnace
31:43 Conscription
32:49 Chain Barding Armor
33:47 Fletching
33:35 Light Cavalry
34:53 Ballistics
36:53 Plate Barding Armor
38:02 Caravan
38:16 Bodkin Arrow
38:37 Leather Archer Armor
39:29 Chemistry
40:05 Bracer
40:37 Elite Conquistador
40:43 Cavalier
44:20 Two-Man Saw
44:18 Guard Tower
44:16 Arrowslits
44:28 Murder Holes
IlIlIIIlIl69
0:58 Loom
7:38 Feudal Age
8:27 Double-Bit Axe
8:24 Horse Collar
9:35 Wheelbarrow
11:52 Gold Mining
15:57 Castle Age
13:36 Man-at-Arms
15:18 Scale Mail Armor
15:11 Fletching
16:29 Forging
16:23 Stone Mining
16:58 Bow Saw
16:50 Heavy Plow
18:06 Squires
18:08 Town Watch
20:56 Hand Cart
21:41 Chain Mail Armor
22:01 Iron Casting
33:04 Imperial Age
33:37 Stone Shaft Mining
33:11 Caravan
33:49 Ballistics
33:26 Murder Holes
33:42 Masonry
33:29 Elite Huskarl
35:15 Blast Furnace
36:44 Two-Man Saw
36:17 Crop Rotation
36:46 Architecture
37:17 Chemistry
36:20 Bodkin Arrow
36:27 Padded Archer Armor
Yurmus
2:29 Loom
7:24 Feudal Age
10:48 Wheelbarrow
12:12 Fletching
17:15 Double-Bit Axe
21:07 Castle Age
22:51 Crossbowman
31:33 Bodkin Arrow
32:30 Ballistics
32:05 Guard Tower
32:29 Fortified Wall
32:34 Masonry
37:09 Imperial Age
37:43 Arbalester
Connection lost

Rejoining the realm…

Still unreachable

The connection could not be restored.

Session expired

The server has moved on; the page needs a fresh start.